 Dungeon Crawl Stone Soup version 0.27-a0-1591-gc56fcc985a (webtiles) character file.

Game seed: 10258919415508915763

235 Drazool the Magician (level 6, -3/42 HPs)
             Began as a Djinni Fire Elementalist on July 19, 2021.
             Slain by Grinder (7 damage)
             ... on level 3 of the Dungeon.
             The game lasted 00:05:57 (3479 turns).

Drazool the Magician (Djinni Fire Elementalist)     Turns: 3479, Time: 00:05:58

Health: -3/42      AC:  2    Str:  5 (8)  XL:     6   Next: 27%
Gold:   86         EV: 12    Int: 15 (17) God:
                   SH:  5    Dex: 13 (14)

rFire    + + .     SeeInvis .   i - +0 war axe
rCold    x . .     Faith    .   (no shield)
rNeg     . . .     Spirit   .   a - +0 robe
rPois    ∞         Reflect  +   (no helmet)
rElec    .         Harm     .   k - scarf {repulsion}
rCorr    .         Rampage  .   (no gloves)
Will     .....                  (boots unavailable)
Stlth    ++........             l - amulet of reflection
HPRegen  0.14/turn              (no ring)
MPRegen  0.00/turn              (no ring)

@: about to teleport, flying, repel missiles
A: sickness immunity, fire resistance 2, cold vulnerability 1, float, innate
caster, hp casting, extra vitality 1
a: no special abilities


You were on level 3 of the Dungeon.
You visited 1 branch of the dungeon, and saw 4 of its levels.

You collected 86 gold pieces.


Innate Abilities, Weirdness & Mutations

You are immune to sickness and miasma.
You are immune to poison.
Your flesh is very heat resistant. (rF++)
You are vulnerable to cold. (rC-)
You float through the air rather than walking.
You learn spells naturally, not from books.
Your magical power is your life essence.
You have superior vitality. (+4 HP)


   Skills:
 + Level 1.0 Fighting
 - Level 2.1 Dodging
 - Level 1.5 Stealth
 - Level 5.0 Spellcasting


You couldn't memorise any spells.
You knew the following spells:

 Your Spells              Type           Power      Damage    Failure   Level
b - Fireball              Conj/Fire      9%         3d6       50%         5
c - Conjure Flame         Conj/Fire      18%        6-21      6%          3
f - Foxfire               Conj/Fire      72%        2x1d7     1%          1
r - Inner Flame           Hex/Fire       18%        N/A       6%          3
s - Slow                  Hex            18%        N/A       3%          2
y - Sticky Flame          Conj/Fire      18%        2d4       21%         4
z - Shock                 Conj/Air       72%        1d7       1%          1
Your spell library was empty.

Inventory:

Hand Weapons
 d - a +0 dagger
 i - a +0 war axe (weapon)
Missiles
 b - 8 atropa-tipped darts
Armour
 a - a +0 robe (worn)
 k - a scarf of repulsion (worn)
Magical Staves
 n - a staff of earth {!a}
Jewellery
 l - an amulet of reflection (around neck)
Scrolls
 h - a scroll of teleportation {@r4}
Potions
 c - a potion of curing {unknown}
 e - 2 potions of might {unknown}
 f - 2 potions of resistance
 g - a potion of flight {unknown}
 j - a potion of ambrosia {unknown}
 m - a potion of degeneration

Dungeon Overview and Level Annotations

Branches:
Dungeon (4/15)
 Temple: D:4-7

Altars:

Annotations:
D:3 2 transporters, Grinder; pokeman's ghost, amateur DEWz

###### #....#
##################.##.#
#.......5...........#.###
########.#######@..............#
#....†......# #.########.)#.#.#
##.#####.##.# #.###.......#.#.##
#....>#.##.## #.##........#.#..#
#####.#.....# #.##......#.#.##.#
#.#.....# #.##.##.....#.##..
#.#.....# #.##....#####.###.
#.#.....###.###########.....
#.#.........#..........####.


You could see Grinder.


Message History

Grinder resists with significant effort.
The foxfire hits Grinder.
Grinder is lightly wounded.
The foxfire hits Grinder.
Grinder is moderately wounded.
Grinder gestures at you. Pain shoots through your body!
Grinder hits you but does no damage.
You fly upwards.
Level annotation: 2 transporters, pokeman's ghost, amateur DEWz
There is a stone staircase leading down here.
Unknown command.
You hit Grinder.
Grinder is moderately wounded.
Grinder gestures at you. Pain shoots through your body!
* * * LOW HITPOINT WARNING * * *
Unknown command.
As you read the scroll labelled MORILO IPT, it crumbles to dust.
You feel strangely unstable.
It was a scroll of teleportation.
Grinder hits you!
* * * LOW HITPOINT WARNING * * *
You writhe in agony.
* * * LOW HITPOINT WARNING * * *
Unknown command.
It was a potion of degeneration.
There was something very wrong with that liquid.
You feel weakened.
You feel dopey.
You feel clumsy. Grinder hits you!
You die...

Skill      XL: |  1  2  3  4  5  6 |
---------------+-------------------+-----
Spellcasting   | 3 4 5 |  5.0
Fighting       | 1 |  1.0
Dodging        | |  2.1
Stealth        | |  1.5

Action                   |  1- 3 |  4- 6 || total
-------------------------+-------+-------++-------
Melee: Dagger            |     4 |       ||     4
       War axe           |     1 |     4 ||     5
 Cast: Foxfire           |    57 |    58 ||   115
       Slow              |       |     2 ||     2
  Use: Scroll            |       |     5 ||     5
       Potion            |       |     1 ||     1
Armor: Robe              |     1 |     2 ||     3
Dodge: Dodged            |       |     2 ||     2
Block: Other             |       |     2 ||     2

Levels and vault maps discovered:
D:1:      lightli_arrival_boilingwater, layout_basic, interstate_on_off
D:2:      layout_basic, hellmonk_ecumenical_altar_crossroads, uniq_terence
D:3:      layout_basic, gammafunk_ghost_mausoleum
D:4:      layout_rooms, uniq_grinder

Notes
Turn   | Place    | Note
-------+----------+-------------------------------------------
     0 | D:1      | Drazool the Djinni Fire Elementalist began the quest for
                  | the Orb.
     0 | D:1      | Reached XP level 1. HP: 15/15 MP: 0/0
   268 | D:1      | Reached XP level 2. HP: 18/21 MP: 0/0
   505 | D:1      | Reached skill level 3 in Spellcasting
   949 | D:1      | Reached XP level 3. HP: 21/25 MP: 0/0
   949 | D:1      | Learned a level 1 spell: Shock
  1564 | D:1      | You are sucked into a shaft and drop 1 floor!
  1571 | D:2      | Reached XP level 4. HP: 24/31 MP: 0/0
  2221 | D:2      | Reached skill level 4 in Spellcasting
  2274 | D:2      | Found a faded altar of an unknown god.
  2372 | D:2      | Noticed Terence
  2378 | D:2      | Killed Terence
  2379 | D:2      | Reached XP level 5. HP: 29/35 MP: 0/0
  2379 | D:2      | Learned a level 2 spell: Slow
  2817 | D:3      | Noticed a water moccasin
  2821 | D:3      | Killed a water moccasin
  2822 | D:3      | Reached skill level 5 in Spellcasting
  2822 | D:3      | Reached XP level 6. HP: 36/41 MP: 0/0
  2931 | D:3      | Identified 2 potions of resistance
  2969 | D:3      | Found a transporter.
  2979 | D:3      | Noticed a necrophage
  3231 | D:3      | Found a transporter.
  3231 | D:3      | Noticed pokeman's ghost (amateur DEWz)
  3309 | D:3      | Reached skill level 1 in Fighting
  3471 | D:4      | Noticed Grinder
  3478 | D:3      | HP: 4/42 [Grinder (3)]
  3479 | D:3      | Slain by Grinder

Vanquished Creatures
  A water moccasin (D:3)
  Terence (D:2)
  4 adders (D:2)
  A worm (D:2)
  A dart slug (D:1)
  An orc (D:3)
  5 bats
  4 endoplasms
  3 giant cockroaches
  5 goblins
  9 hobgoblins
  10 jackals
  3 kobolds
  2 quokkas (D:1)
  A ball python (D:1)
  A frilled lizard (D:3)
  3 rats
55 creatures vanquished.

Vanquished Creatures (others)
  184 foxfires
184 creatures vanquished.

Grand Total: 239 creatures vanquished

Table legend: (Time is in decaauts)
 A = Elapsed time spent in this place.
 B = Non-inter-level travel time spent in this place.
 C = Inter-level travel time spent in this place.
 D = Time resting spent in this place.
 E = Time spent auto-exploring this place.
 F = Levels seen in this place.
 G = Mean time per level.
                   A        B        C        D        E       F      G
               +--------+--------+--------+--------+--------+-----+--------+
         Total |   3481 |   3382 |     99 |     94 |   2972 |   4 |  870.2 |
       Dungeon |   3481 |   3382 |     99 |     94 |   2972 |   4 |  870.2 |
               +--------+--------+--------+--------+--------+-----+--------+

Top non-repeatable levels by time:
     D:1: 1816 daAuts
     D:2: 977 daAuts
     D:3: 683 daAuts
     D:4: 4 daAuts

Table legend:
 A = Non-vault XP
 B = Vault XP
 C = Vault XP percentage of total XP
 D = Non-vault monster count
 E = Vault monster count
 F = Vault count percentage of total count
                 A         B        C        D         E       F
            +---------+---------+-------+---------+---------+-------
      Total |     301 |      36 |  10.7 |      54 |       1 |   1.8
            +---------+---------+-------+---------+---------+-------
        D:1 |      57 |       0 |   0.0 |      28 |       0 |   0.0
        D:2 |      74 |      36 |  32.7 |      15 |       1 |   6.2
        D:3 |     170 |       0 |   0.0 |      11 |       0 |   0.0
            +---------+---------+-------+---------+---------+-------
